Map: New Repugnancy LE

Players

Neeb - Winner!

  • Race: Protoss Protoss
  • Spawn Location: 7:00

Cham

  • Race: Zerg Zerg
  • Spawn Location: 1:00

Event: 2019 WCS Summer

VOD

Have the link to the VOD?

Description

Time

  • Played on: July 13, 2019, 10:19 a.m.
  • Length: 13:42

All games in this series

Show
View Real Time Build Order
Export as new Build Order

Neeb Protoss - Winner!

Build Orders: 1 Gate Expand, Oracle Opening, Archon Immortal, Carriers 

Get SALT Encoding   

  12  0:00  Probe  
  13  0:12  Probe  
  14  0:21  Pylon  
  14  0:25  Probe  
  15  0:35  Probe  
  15  0:41  Gateway  
  16  0:43  Probe  
  17  0:50  Assimilator  
  17  0:53  Probe  
  18  1:05  Probe  
  19  1:17  Probe  
  20  1:27  Nexus  
  20  1:38  Cybernetics Core  
  20  1:40  Probe  
  20  1:46  Assimilator  
  21  1:50  Probe  
  22  1:55  Pylon  
  22  1:58  Probe  
  22  2:04  Adept  
  23  2:09  Probe  
  26  2:21  Probe  
  27  2:24  Stargate  
  27  2:25  Stalker  
  27  2:33  Probe  
  30  2:39  Probe  
  30  2:42  Warp Gate  
  31  2:46  Probe  
  31  2:51  Probe  
  33  2:58  Probe  
  34  3:00  Oracle  
  34  3:03  Probe  
  35  3:10  Probe  
  39  3:15  Probe  
  40  3:22  Probe  
  40  3:25  Gateway  
  40  3:26  Gateway  
  41  3:27  Probe  
  41  3:29  Pylon  
  41  3:31  Oracle  
  41  3:33  Pylon  
  42  3:34  Probe  
  46  3:45  Assimilator  
  46  3:46  Assimilator  
  46  3:47  Probe  
  47  3:50  Probe  
  47  3:53  Pylon  
  48  3:59  Probe  
  48  4:02  Probe  
  50  4:09  Oracle  
  48  4:12  Probe  
  48  4:14  Probe, Robotics Facility  
  50  4:24  Probe  
  54  4:26  Probe  
  54  4:30  Stalker  
  57  4:32  Adept  
  57  4:33  Adept  
  57  4:36  Probe  
  62  4:39  Probe  
  63  4:48  Probe  
  63  4:49  Immortal  
  63  4:51  Probe  
  65  4:54  Nexus  
  65  5:00  Probe  
  65  5:03  Pylon  
  65  5:06  Forge  
  70  5:20  Immortal  
  70  5:21  Probe x2  
  72  5:25  Twilight Council  
  72  5:33  Probe x2, Pylon  
  78  5:39  Pylon  
  78  5:50  Probe  
  78  5:53  Zealot x3  
  78  5:54  Probe  
  83  6:02  Probe  
  83  6:03  Templar Archives  
  88  6:04  Observer  
  88  6:06  Probe  
  88  6:07  Probe  
  88  6:09  Protoss Ground Weapons Level 1  
  87  6:11  Charge  
  87  6:14  Probe  
  88  6:18  Probe  
  88  6:19  Assimilator  
  88  6:20  Assimilator  
  88  6:21  Immortal  
  88  6:23  Probe, Gateway  
  88  6:24  Gateway  
  90  6:26  Zealot  
  90  6:28  Probe  
  97  6:34  Probe  
  97  6:38  Probe  
  99  6:40  Psionic Storm  
  99  6:41  High Templar x2  
  99  6:45  Probe, Pylon  
  104  6:48  Probe  
  104  6:50  Probe  
  104  6:54  Immortal  
  106  6:55  High Templar  
  108  7:02  Pylon  
  113  7:08  Probe  
  113  7:17  Gateway, Nexus  
  113  7:18  Gateway  
  113  7:22  Gateway  
  113  7:24  High Templar x3  
  119  7:33  Observer  
  119  7:34  Photon Cannon  
  119  7:35  Photon Cannon  
  120  7:38  Photon Cannon  
  120  7:40  Pylon  
  120  7:42  Probe x2  
  120  7:43  Probe, Pylon  
  123  7:49  Pylon  
  123  7:52  High Templar  
  123  7:57  Pylon  
  123  7:58  Probe x3, High Templar  
  128  7:59  Zealot, Immortal  
  128  8:03  Archon  
  136  8:10  Probe x2  
  138  8:19  Assimilator  
  138  8:21  Assimilator  
  138  8:22  Zealot x3, High Templar x2  
  138  8:25  Photon Cannon, Protoss Ground Weapons Level 2  
  148  8:27  Archon  
  148  8:31  Immortal  
  148  8:41  Zealot x3  
  156  8:50  Probe x3  
  159  8:59  Zealot x3, High Templar x2  
  169  9:04  Archon  
  168  9:10  Immortal  
  162  9:17  Probe  
  159  9:28  Fleet Beacon  
  159  9:30  Stargate  
  159  9:31  Pylon, Nexus  
  157  9:33  Stargate  
  157  9:41  Protoss Air Weapons Level 1  
  153  9:49  Immortal  
  153  9:50  High Templar x3  
  157  9:54  High Templar  
  157  9:55  Zealot x4  
  157  9:56  Probe x2  
  157  9:58  Photon Cannon  
  169  10:01  Photon Cannon  
  169  10:04  Shield Battery  
  163  10:18  Zealot, High Templar x2  
  163  10:19  Zealot  
  163  10:21  Carrier x2  
  171  10:22  Pylon  
  171  10:24  Pylon x2  
  160  10:28  Immortal  
  160  10:30  Carrier, Archon  
  146  10:38  Probe x3  
  159  10:49  Assimilator  
  165  10:53  Assimilator  
  163  10:57  Photon Cannon  
  163  10:59  Photon Cannon  
  163  11:00  Shield Battery  
  163  11:01  Zealot x8  
  174  11:16  Archon x2  
  174  11:17  Archon  
  168  11:18  Carrier  
  168  11:25  High Templar x3  
  178  11:26  Zealot x5, Carrier  
  178  11:29  Probe x2  
  178  11:32  Observer  
  199  11:47  Observer  
  198  12:01  Carrier  
  198  12:04  Nexus  
  180  12:09  Zealot x8  
  180  12:13  Carrier  
  194  12:24  Carrier  
  194  12:41  Archon  
  178  12:58  Zealot x6, High Templar x2  
  172  12:59  Probe x2  
  172  13:01  Probe x3  
  171  13:13  Archon  
  176  13:20  Stalker x6  
Show
View Real Time Build Order
Export as new Build Order

Cham Zerg 

Build Orders: Hatch First, Swarm Host 

Get SALT Encoding   

  12  0:01  Drone  
  13  0:08  Drone  
  14  0:16  Overlord  
  14  0:34  Drone  
  14  0:35  Drone  
  16  0:52  Drone  
  16  0:53  Hatchery  
  16  0:56  Drone  
  17  0:59  Drone  
  18  1:11  Extractor  
  17  1:14  Spawning Pool  
  16  1:18  Drone  
  16  1:21  Drone  
  18  1:31  Drone  
  19  1:46  Drone  
  20  1:52  Overlord  
  20  2:03  Drone  
  20  2:04  Queen  
  20  2:05  Queen  
  20  2:06  Zergling x2  
  26  2:12  Metabolic Boost, Zergling x2  
  27  2:18  Drone  
  28  2:23  Drone  
  28  2:27  Drone  
  30  2:39  Hatchery  
  29  2:45  Zergling x2  
  29  2:46  Zergling x2  
  29  2:48  Drone  
  29  2:50  Drone  
  33  2:54  Overlord  
  33  3:00  Drone  
  33  3:02  Spore Crawler  
  33  3:06  Queen  
  33  3:12  Drone x2  
  37  3:15  Drone x2  
  39  3:23  Drone x3  
  42  3:30  Drone  
  43  3:34  Overlord  
  43  3:41  Drone  
  44  3:43  Overlord  
  43  3:52  Overlord  
  43  3:54  Drone x5  
  48  4:00  Queen  
  48  4:01  Queen  
  52  4:08  Drone  
  52  4:09  Drone  
  52  4:11  Spore Crawler  
  52  4:14  Drone x2  
  52  4:16  Spore Crawler  
  52  4:22  Drone, Roach Warren  
  52  4:24  Drone x2  
  53  4:26  Drone  
  53  4:30  Drone  
  56  4:32  Drone x2  
  56  4:33  Drone  
  56  4:38  Lair  
  59  4:45  Drone  
  59  4:46  Drone, Overlord  
  59  4:47  Overlord  
  61  4:55  Extractor, Overlord  
  61  4:57  Overlord  
  61  4:58  Extractor  
  61  4:59  Extractor  
  58  5:04  Overlord x2  
  58  5:06  Drone x7  
  65  5:08  Drone x2  
  65  5:12  Drone  
  68  5:14  Drone  
  68  5:15  Drone  
  69  5:25  Drone, Overlord  
  69  5:26  Drone  
  71  5:34  Drone x3  
  74  5:44  Hatchery  
  74  5:48  Overlord  
  74  5:49  Zergling x4  
  74  5:50  Drone x3  
  74  5:51  Overlord  
  74  5:53  Evolution Chamber  
  74  5:56  Glial Reconstitution  
  74  6:01  Roach x2  
  74  6:02  Roach x2  
  82  6:06  Overlord  
  82  6:07  Roach  
  84  6:11  Overlord  
  84  6:14  Roach x2  
  84  6:15  Roach  
  90  6:18  Zerg Missile Weapons Level 1  
  90  6:22  Nydus Network  
  90  6:23  Infestation Pit  
  90  6:24  Queen  
  91  6:27  Roach x2  
  91  6:29  Roach x2  
  97  6:35  Extractor  
  97  6:38  Drone  
  97  6:39  Drone x2  
  99  6:41  Extractor  
  99  6:42  Drone x6  
  99  6:43  Drone  
  105  6:47  Queen  
  105  6:51  Overlord  
  105  6:52  Drone x3  
  110  6:57  Ravager x4  
  110  6:58  Ravager x2  
  110  6:59  Roach  
  118  7:04  Overlord  
  118  7:06  Drone  
  118  7:07  Drone x4  
  123  7:08  Overlord  
  123  7:10  Drone  
  123  7:13  Overlord  
  123  7:14  Drone x2  
  126  7:28  Overlord  
  126  7:29  Swarm Host x4  
  126  7:30  Swarm Host  
  126  7:33  Swarm Host  
  144  7:39  Swarm Host  
  147  7:45  Overlord x2  
  147  7:48  Swarm Host  
  147  7:49  Swarm Host  
  153  7:52  Extractor  
  153  7:54  Overlord, Swarm Host  
  153  7:55  Extractor, Spore Crawler, Swarm Host  
  153  7:57  Zergling x14, Spine Crawler  
  162  8:01  Swarm Host  
  165  8:06  Swarm Host  
  165  8:08  Overlord  
  165  8:09  Zergling x14  
  165  8:10  Swarm Host  
  178  8:15  Drone  
  178  8:19  Swarm Host x2  
  181  8:21  Zergling x8  
  181  8:25  Overlord x2  
  187  8:39  Zergling x2, Roach  
  187  8:40  Zergling x4, Roach  
  187  8:41  Roach x3  
  199  8:47  Spire  
  194  8:58  Hive  
  192  9:19  Roach x4  
  200  9:26  Spine Crawler x2  
  200  9:27  Spine Crawler x2  
  192  9:34  Ravager x7  
  174  9:53  Ravager x4  
  174  9:54  Ravager x3, Roach  
  174  9:55  Roach x6  
  174  9:56  Zergling x10  
  174  9:57  Zergling x6  
  194  10:13  Greater Spire, Adrenal Glands  
  194  10:14  Zerg Missile Weapons Level 2  
  193  10:34  Corruptor x4  
  195  10:37  Spine Crawler  
  195  10:38  Spine Crawler  
  195  10:40  Spine Crawler  
  192  10:44  Corruptor x3  
  192  10:45  Zergling x2  
  192  10:46  Zergling x2  
  155  11:30  Hydralisk Den, Brood Lord x3  
  155  11:31  Brood Lord x2  
  164  11:33  Corruptor  
  164  11:37  Corruptor  
  164  11:38  Zergling x8  
  164  11:39  Zergling x30  
  187  11:46  Zerg Flyer Weapons Level 1  
  187  11:47  Corruptor  
  189  12:00  Corruptor  
  189  12:01  Corruptor x2  
  181  12:05  Corruptor  
  172  12:11  Corruptor  
  172  12:12  Spore Crawler x2  
  172  12:13  Spore Crawler  
  172  12:14  Spore Crawler  
  172  12:15  Corruptor  
  161  12:20  Corruptor  
  164  12:25  Queen x2  
  164  12:26  Queen, Corruptor  
  164  12:29  Corruptor  
  170  12:30  Zergling x16  
  170  12:34  Hatchery  
  175  12:39  Corruptor  
  154  12:48  Roach  
  154  12:49  Roach  
  142  12:53  Roach x2  
  142  12:54  Roach  
  139  13:05  Roach x3  
  133  13:10  Roach  
  131  13:14  Roach x2  
  129  13:22  Roach  
Tags
 
Add a new tag
Caveats
  • Supply blocks, unpowered buildings, or Contaminate may cause inaccurate times.
  • Supply counts are checked every 10 seconds.